AoeStats
← chaquin_7

Pilgrims

510232841Analyzed
2v2 RM · 12h ago on Sep 30, 2026· 32m 43s· 4 players
Game mode
Random Map
Map size
Medium (4 player)
Population
200
Speed
Normal
Resources
Standard
Victory
Conquest
Starting age
Dark Age
Ending age
Imperial Age
RankedLock teamsTeams togetherTeam positionsShared explorationLock speedFull tech treeHidden civsTurbo modeCheats
Victory
Defeat
🇦🇺 Burmese · Australia
1096
+17
🇦🇺 Danes · Australia
1095
+17
🇲🇽 Sicilians · Mexico
1186
-21
🇦🇷 Byzantines · Argentina
1031
-13
Kanye Haggis
7:39 Loom
10:13 Feudal Age
16:55 Castle Age
16:44 Fletching
17:43 Bloodlines
19:22 Padded Archer Armor
22:08 Scale Barding Armor
32:07 Imperial Age
31:22 Bodkin Arrow
hotdogs_united
3:02 Loom
11:26 Feudal Age
12:14 Fishing Lines
18:28 Castle Age
19:19 Fletching
25:17 Arson
27:49 Forging
31:44 Double-Bit Axe
PTAR2 | Cesar556
5:23 Loom
10:56 Feudal Age
12:19 Fishing Lines
12:41 Double-Bit Axe
15:42 Gold Mining
21:46 Wheelbarrow
25:48 Castle Age
24:30 Scale Mail Armor
28:33 Fletching
chaquin_7
5:04 Loom
10:28 Feudal Age
20:11 Horse Collar
25:12 Town Watch
31:06 Castle Age
29:41 Scale Barding Armor
29:47 Forging
32:26 Chain Barding Armor
32:50 Bloodlines
32:41 Husbandry
33:19 Iron Casting
Connection lost

Rejoining the realm…

Still unreachable

The connection could not be restored.

Session expired

The server has moved on; the page needs a fresh start.